 Dungeon Crawl Stone Soup version 0.29-a0-816-g82769f0e0c (webtiles) character file.

Game seed: 3598766174610527882

4 Garessta the Scratcher (level 1, 9/9 HPs)
             Began as a Felid Transmuter on July 5, 2022.
             Was a Follower of Cheibriados.
             Quit the game on level 1 of the Dungeon.
             The game lasted 00:01:05 (127 turns).

Garessta the Scratcher (Felid Transmuter)            Turns: 127, Time: 00:01:05

Health: 9/9        AC:  1    Str:  8    XL:     1   Next: 50%
Magic:  4/4        EV: 17    Int: 16    God:    Cheibriados [*.....]
Gold:   6          SH:  0    Dex: 18    Spells: 3/4 levels left
                                        Lives:  0   Deaths: 0

rFire   . . .      SeeInvis +     - Unarmed
rCold   . . .      Faith    .   (shield unavailable)
rNeg    . . .      Spirit   .   (body armour unavailable)
rPois   .          Reflect  .   (helmet unavailable)
rElec   .          Harm     .   (cloak unavailable)
rCorr   .          Rampage  .   (gloves unavailable)
Will    .....                   (boots unavailable)
Stlth   ++........              (no amulet)
HPRegen 0.03/turn               (no ring)
MPRegen 0.09/turn               (no ring)

@: slow
A: very small, claws 1, fangs 3, see invisible, speed 1, shaggy fur 1, stealthy
paws, no weapons or thrown items, no armour, multi-lived
a: Renounce Religion, Bend Time


You were on level 1 of the Dungeon.
You worshipped Cheibriados.
Cheibriados was aware of your devotion.
You visited 1 branch of the dungeon, and saw 1 of its levels.

You collected 6 gold pieces.

Inventory:

Potions
 a - a potion of lignification
 b - a potion of invisibility {unknown}
 c - a potion of curing {unknown}


   Skills:
 + Level 1.3 Fighting
 - Level 2.6 Dodging
 + Level 3.1 Unarmed Combat
 - Level 2.0 Spellcasting
 - Level 2.1 Transmutations


You had 3 spell levels left.
You knew the following spells:

 Your Spells              Type           Power      Damage    Failure   Level
a - Beastly Appendage     Tmut           16%        N/A       9%          1

Your spell library contained the following spells:

 Spells                   Type           Power      Damage    Failure   Level
 Wereblood                Tmut           8%         N/A       13%         2
 Spider Form              Tmut/Pois      5%         N/A       36%         3
 Ice Form                 Ice/Tmut       5%         N/A       78%         4
 Hailstorm                Conj/Ice       1%         3d3       90%         4
 Simulacrum               Ice/Necr       0%         N/A       100%        6


Dungeon Overview and Level Annotations

Branches:
Dungeon (1/15)

Altars:
Cheibriados


Innate Abilities, Weirdness & Mutations

You have sharp claws.
You have razor-sharp teeth.
You have supernaturally acute eyesight. (SInv)
You cover ground quickly. (Speed+)
You are covered in fur. (AC +1)
Your paws help you pounce on unaware monsters.
You are incapable of wielding weapons or throwing items.
You cannot wear armour.
You gain extra lives every three experience levels.


Message History

You now have 6 gold pieces.
b - a bubbling orange potion
Found a faded altar of an unknown god.
c - a bubbling yellow potion A rat comes into view.
Casting: Beastly Appendage (safe; 10% risk of failure)
Confirm with . or Enter, or press ? or * to list all spells.
You grow a pair of large bovine horns.
A ball python comes into view.
Found 16 gold pieces.
The ball python hisses angrily.
You hear a shout!
A goblin comes into view. It is wielding a +0 club.
The goblin shouts!
Your horns disappear.
Casting: Beastly Appendage (safe; 10% risk of failure)
Confirm with . or Enter, or press ? or * to list all spells.
You grow a pair of large bovine horns.
Your transformation is almost over.
You closely miss the ball python. Your headbutt misses the ball python.
The ball python closely misses you. x2
You claw the ball python!
You kill the ball python!
You scratch the goblin.
You kill the goblin!
You barely miss the rat. You bite the rat.
You kill the rat!
Your horns disappear.
There is a faded altar of an unknown god here.
You cannot tell which god this altar belongs to.
Convert to them anyway?
Cheibriados accepts your prayer! Cheibriados welcomes you!
Cheibriados begins to support your attributes as your movement slows.
Cheibriados is now slowing the effects of poison on you.
You can now bend time to slow others.
Cheibriados raises the support of your attributes as your movement slows.
Are you sure you want to abandon this character and quit the game? (Confirm with "yes".)
Okay, then.
You pick up a book of the Tundra and begin reading...
You add the spells Hailstorm and Simulacrum to your library.
Are you sure you want to abandon this character and quit the game? (Confirm with "yes".)

##.............#
#.####........# #.
#........# #
#........### .
#..........## ..#
######...#.##..# ....
#..............#
#...##.....###..###.#
#...#@.............#
##................#
#.................#
....##..........###.#
....#
#..............# ...#
#...........$..# ...
#.....###..###.# ##
####...........#
#..._.....#.#


There were no monsters in sight!

Vanquished Creatures
  A ball python (D:1)
  A goblin (D:1)
  2 rats (D:1)
4 creatures vanquished.

Notes
Turn   | Place    | Note
-------+----------+-------------------------------------------
     0 | D:1      | Garessta the Felid Transmuter began the quest for the Orb.
     0 | D:1      | Reached XP level 1. HP: 9/9 MP: 4/4
    53 | D:1      | Found a faded altar of an unknown god.
   113 | D:1      | Prayed at the altar of an unknown god.
   113 | D:1      | Became a worshipper of Cheibriados the Contemplative
   113 | D:1      | Reached * piety under Cheibriados
   127 | D:1      | Quit the game

Illustrated notes

Levels and vault maps discovered:
D:1:      amcnicky_arrival_choice, layout_rooms,
          hellmonk_ecumenical_altar_lost_god, serial_park_tiny_pond

Action                   || total
-------------------------++-------
Melee: Unarmed           ||     5
       Headbutt          ||     1
       Bite              ||     1
 Cast: Beastly Appendage ||     3
Dodge: Dodged            ||     2

Table legend: (Time is in decaauts)
 A = Elapsed time spent in this place.
 B = Non-inter-level travel time spent in this place.
 C = Inter-level travel time spent in this place.
 D = Time resting spent in this place.
 E = Time spent auto-exploring this place.
 F = Levels seen in this place.
 G = Mean time per level.
                   A        B        C        D        E       F      G
               +--------+--------+--------+--------+--------+-----+--------+
         Total |    113 |    113 |      0 |      0 |     40 |   1 |  113.0 |
       Dungeon |    113 |    113 |      0 |      0 |     40 |   1 |  113.0 |
               +--------+--------+--------+--------+--------+-----+--------+

Top non-repeatable levels by time:
     D:1: 113 daAuts
